 Dungeon Crawl Stone Soup version 0.31.0-11-ge490571c62 (webtiles) character file.

Game seed: 9348400357845890859

168 qw the Ducker (level 5, 0/26 HPs)
             Began as a Spriggan Hunter on Feb 4, 2024.
             Slain by a scorpion (6 damage)
             ... on level 3 of the Dungeon.
             The game lasted 00:00:06 (1718 turns).

qw the Ducker (Spriggan Hunter)                     Turns: 1718, Time: 00:00:06

Health: 0/26       AC:  2    Str:  7    XL:     5   Next: 24%
Magic:  6/6        EV: 20    Int: 11    God:
Gold:   59         SH:  0    Dex: 20    Spells: 4/4 levels left

rFire   . . .        d - +0 orcbow
rCold   . . .        (shield currently unavailable)
rNeg    . . .        c - +0 robe
rPois   .            (helmet restricted)
rElec   .            (no cloak)
rCorr   .            (gloves unavailable)
SInv    +            (boots unavailable)
Will    .....        (no amulet)
Stlth   ++           (no ring)
HPRegen 0.24/turn    (no ring)
MPRegen 0.10/turn

%: no passive effects
@: lethally poisoned (0 -> -2), very quick
A: very small, no large weapons, unfitting armour, see invisible, speed 3
a: no special abilities


You were on level 3 of the Dungeon.
You visited 1 branch of the dungeon, and saw 3 of its levels.

You collected 133 gold pieces.
You spent 74 gold pieces at shops.


Innate Abilities, Weirdness & Mutations

You are very small and have problems with some larger weapons.
You are too small for most types of armour.
You have supernaturally acute eyesight. (SInv)
You cover ground extremely quickly. (Speed+++)


   Skills:
 - Level 2.1 Fighting
 + Level 5.2 Ranged Weapons
 - Level 5.2 Dodging
 - Level 1.5 Stealth


You had 4 spell levels left.
You didn't know any spells.
Your spell library was empty.

Inventory:

Hand Weapons
 d - a +0 orcbow (weapon)
Armour
 c - a +0 robe (worn)
Wands
 i - a wand of polymorph (11)
Scrolls
 b - a scroll of poison {unknown}
Potions
 a - 2 potions of brilliance {unknown}
 e - a potion of haste
 f - 2 potions of might
 g - 2 potions of curing
 h - a potion of invisibility {unknown}
 k - a potion of magic {unknown}

Dungeon Overview and Level Annotations

Branches:
Dungeon (3/15)

Altars:

Shops:
D:1 ::!*


Message History

You shoot an arrow. The arrow closely misses the jackal.
The jackal barely misses you. The jackal completely misses you.
You shoot an arrow. The arrow hits the jackal!
You kill the jackal!
You feel yourself slow down.
A bat comes into view.
The bat moves out of view.
You start resting.
HP restored.
You see here a jackal corpse.
A scorpion comes into view.
You shoot an arrow.
The arrow hits the scorpion but does no damage.
You shoot an arrow. The arrow hits the scorpion.
The scorpion is lightly wounded.
You shoot an arrow. The arrow barely misses the scorpion.
The scorpion closely misses you.
You shoot an arrow. The arrow hits the scorpion.
The scorpion is moderately wounded.
The scorpion closely misses you. The scorpion completely misses you.
You shoot an arrow. The arrow hits the scorpion.
The scorpion is heavily wounded.
The scorpion stings you.
You are poisoned.
The scorpion poisons you! The scorpion closely misses you.
You shoot an arrow. The arrow barely misses the scorpion.
You feel very sick. The scorpion misses you.
You shoot an arrow. The arrow barely misses the scorpion.
You feel very sick. The scorpion stings you. x2
You shoot an arrow. The arrow closely misses the scorpion.
You feel sick. The scorpion misses you.
You shoot an arrow. The arrow hits the scorpion.
The scorpion is heavily wounded.
You feel sick. The scorpion stings you. The scorpion closely misses you.
You shoot an arrow. The arrow hits the scorpion.
The scorpion is heavily wounded.
You feel sick. The scorpion stings you.
You die...

### .. ## # ..
.##.#..##. #.
##.s..# ... #..
#.@7 .#..7
#....#.77..# 77
###..##....# ..
.......#.##..#
####...##.#..#
####%...#
..#######..77.#.
.........#.77..#
.###...##....##


You could see a scorpion.

Vanquished Creatures
  Jessica (D:2)
  Natasha (thrice) (D:2)
  3 adders
  2 ribbon worms (D:2)
  A dart slug (D:1)
  6 ball pythons
  4 bats (D:1)
  2 endoplasms
  3 goblins
  3 hobgoblins
  2 jackals (D:3)
  A quokka (D:3)
  2 frilled lizards
  2 kobolds (D:2)
  3 rats (D:1)
38 creatures vanquished.

Notes
Turn   | Place    | Note
-------+----------+-------------------------------------------
     0 | D:1      | qw the Spriggan Hunter began the quest for the Orb.
     0 | D:1      | Reached XP level 1. HP: 10/10 MP: 2/2
     0 | D:1      | 0 ||| qw: Version: 0.3-a-160-g6735b56
     0 | D:1      | 0 ||| qw: Game counter: 5118
     0 | D:1      | 0 ||| qw: Melee chars always use a shield: true
     0 | D:1      | 0 ||| qw: God list: Okawaru
     0 | D:1      | 0 ||| qw: Allow faded altars: false
     0 | D:1      | 0 ||| qw: Do Orc after clearing Dungeon:15 true
     0 | D:1      | 0 ||| qw: Do second Lair branch before Depths: true
     0 | D:1      | 0 ||| qw: Lair rune preference: random
     0 | D:1      | 0 ||| qw: Goals: Normal
     0 | D:1      | 0 ||| PLANNING D:1-11
    91 | D:1      | Reached skill level 3 in Dodging
   145 | D:1      | Reached XP level 2. HP: 13/14 MP: 3/3
   427 | D:1      | Found Zifauffa's Book Shoppe.
   441 | D:1      | Found Qininuant's Distillery.
   450 | D:1      | 450 ||| SHOPLISTING potion of haste (110 gold, have 71).
   450 | D:1      | 450 ||| BUYING potion of might (44 gold).
   450 | D:1      | Bought a potion of might for 44 gold pieces
   450 | D:1      | 450 ||| SHOPLISTING potion of mutation (88 gold, have 27).
   450 | D:1      | Found Unkorch's Book Shoppe.
   639 | D:1      | Found Reguum's General Store.
   647 | D:1      | 647 ||| SHOPLISTING +4 ring of slaying (780 gold, have 35).
   647 | D:1      | 647 ||| BUYING potion of curing (30 gold).
   647 | D:1      | Bought a potion of curing for 30 gold pieces
   647 | D:1      | 647 ||| SHOPLISTING potion of heal wounds (50 gold, have
                  | 5).
   647 | D:1      | 647 ||| READING 3 scrolls labelled KOVENNUANI.
   648 | D:1      | 648 ||| READING scroll labelled FUTWELADOSM.
   649 | D:1      | 649 ||| DROPPING scroll of butterflies.
   650 | D:1      | 650 ||| DROPPING 2 scrolls of noise.
   820 | D:2      | Noticed Jessica
   824 | D:2      | Reached XP level 3. HP: 18/18 MP: 4/4
   824 | D:2      | Killed Jessica
   920 | D:2      | Noticed Natasha
   930 | D:2      | Killed Natasha
   931 | D:2      | Reached XP level 4. HP: 9/22 MP: 5/5
  1265 | D:2      | Noticed Natasha
  1270 | D:2      | Killed Natasha
  1379 | D:2      | Noticed Natasha
  1389 | D:2      | Killed Natasha
  1390 | D:2      | Reached XP level 5. HP: 19/26 MP: 6/6
  1609 | D:2      | 1609 ||| DROPPING ring of flight.
  1610 | D:2      | 1610 ||| READING scroll labelled NIKKUO ORYNT.
  1615 | D:2      | 1615 ||| READING scroll labelled QANWE MEKLAIRU.
  1616 | D:2      | 1616 ||| READING scroll labelled SOR TISMAPT.
  1617 | D:2      | 1617 ||| DRINKING 2 inky potions.
  1659 | D:3      | 1659 ||| SWAPPING to +0 orcbow.
  1660 | D:3      | 1660 ||| DROPPING +0 shortbow.
  1718 | D:3      | HP: 6/26 [poisoned by a scorpion]
  1718 | D:3      | Slain by a scorpion

Levels and vault maps discovered:
D:1:      lightli_arrival_maybe_door_vault, layout_loops_cross, serial_shops,
          shop, shop, nicolae_shop_peninsula, shop, serial_bayou_pond_a,
          chequers_avenue
D:2:      layout_basic, uniq_jessica, uniq_natasha
D:3:      layout_rooms, nicolae_eternal_life, columned_hall_lemuel,
          nicolae_underground_beach, uniq_sigmund

Skill      XL: |  1  2  3  4 |
---------------+-------------+-----
Dodging        | 3 4 5 |  5.2
Ranged Weapons | 5 |  5.2
Fighting       | 2 |  2.1
Stealth        | |  1.5

Action                     |  1- 3 |  4- 6 || total
---------------------------+-------+-------++-------
   Fire: Shortbow          |    76 |    32 ||   108
         Orcbow            |       |    26 ||    26
    Use: Scroll            |     2 |     3 ||     5
         Potion            |       |     1 ||     1
 Armour: Robe              |     8 |     7 ||    15
  Dodge: Dodged            |    27 |    21 ||    48

Table legend:
 A = Non-vault XP
 B = Vault XP
 C = Vault XP percentage of total XP
 D = Non-vault monster count
 E = Vault monster count
 F = Vault count percentage of total count
                 A         B        C        D         E       F
            +---------+---------+-------+---------+---------+-------
      Total |     169 |      72 |  29.9 |      36 |       2 |   5.3
            +---------+---------+-------+---------+---------+-------
        D:1 |      28 |       0 |   0.0 |      16 |       0 |   0.0
        D:2 |     108 |      72 |  40.0 |      15 |       2 |  11.8
        D:3 |      33 |       0 |   0.0 |       5 |       0 |   0.0
            +---------+---------+-------+---------+---------+-------
